 Dungeon Crawl Stone Soup version 0.22-a0-224-g8cf3520 (webtiles) character file.

739 Amnesiac the Prestidigitator (level 7, -2/36 HPs)
             Began as a Spriggan Artificer on Feb 20, 2018.
             Was an Initiate of Gozag.
             Killed by nerve-wracking pain
             ... invoked by Grinder
              (5 damage)
             ... on level 5 of the Dungeon.
             The game lasted 00:12:52 (6072 turns).

Amnesiac the Prestidigitator (Spriggan Artificer)   Turns: 6072, Time: 00:12:53

Health: -2/36      AC:  2    Str: 10    XL:     7   Next: 46%
Magic:  14/14      EV: 22    Int: 12    God:    Gozag
Gold:   570        SH:  0    Dex: 17    Spells: 6/6 levels left

rFire    . . .     SeeInvis +   b - +0 shortbow
rCold    . . .     Gourm    .   (shield currently unavailable)
rNeg     . . .     Faith    .   q - +0 robe
rPois    .         Spirit   .   (helmet restricted)
rElec    .         Reflect  .   (no cloak)
rCorr    .         Harm     .   (gloves unavailable)
MR       +....                  (boots unavailable)
Stlth    ++........             (no amulet)
HPRegen  0.12/turn              (no ring)
MPRegen  0.14/turn              (no ring)

@: very quick
A: very small, unfitting armour, see invisible, herbivore, speed 3, slow
metabolism 2
a: Potion Petition, Call Merchant, Bribe Branch, Renounce Religion


You were on level 5 of the Dungeon.
You worshipped Gozag.
Gozag was pleased with you.
You were not hungry.

You visited 2 branches of the dungeon, and saw 7 of its levels.

You collected 689 gold pieces.
You paid 119 gold pieces to Gozag.

Inventory:

Hand Weapons
 a - a +1 short sword of protection
 b - a +0 shortbow (weapon)
Missiles
 c - 68 arrows (quivered)
 n - 16 poisoned needles
 u - 104 stones
Armour
 q - a +0 robe (worn)
 w - a +1 hat of intelligence
Magical Staves
 r - an uncursed staff of wizardry
Wands
 d - a wand of enslavement (13)
Scrolls
 e - 2 scrolls of magic mapping {!r, unknown}
 i - 6 scrolls of identify {!r, unknown}
 k - 2 scrolls of amnesia {!r, unknown}
 m - a scroll of immolation {!r, unknown}
 o - a scroll of blinking {!r, unknown}
 p - 2 scrolls of remove curse {!r, unknown}
 t - a scroll of enchant armour {!r, unknown}
Potions
 g - 2 potions of resistance {!q, unknown}
 h - 2 potions of degeneration {!q, unknown}
 j - 2 potions of heal wounds {!q, unknown}
 l - 5 potions of curing {!q}
 s - a potion of might {!q, unknown}
 v - a potion of invisibility {!q, unknown}
Comestibles
 f - 5 rations


   Skills:
 + Level 3.4 Fighting
 - Level 1.1 Short Blades
 + Level 6.6 Dodging
 - Level 1.5 Stealth
 * Level 8.6 Evocations


You had 6 spell levels left.
You didn't know any spells.

Dungeon Overview and Level Annotations

Branches:
Dungeon (6/15)             Temple (1/1) D:6

Altars:
Ashenzari
Dithmenos
Elyvilon
Gozag
Hepliaklqana
Makhleb
Nemelex Xobeh
Okawaru
Qazlal
Sif Muna
Trog
Uskayaw
Wu Jian
Yredelemnul
Zin
The Shining One

Annotations:
D:5 Edmund, Grinder
D:6 Dowan, Duvessa


Innate Abilities, Weirdness & Mutations

You are very small and have problems with some larger weapons.
You are too small for most types of armour.
You have supernaturally acute eyesight. (SInv)
You are a herbivore.
You cover ground extremely quickly.
You need consume almost no food.


Message History

You resist with significant effort.
Firing (i - inventory. (/) - cycle)
c - 75 arrows (quivered)
Press: ? - help, Shift-Dir - straight line, f/p - Grinder
Aim: Grinder (moderately wounded)
You shoot an arrow. The arrow closely misses Grinder.
Firing (i - inventory. (/) - cycle)
c - 74 arrows (quivered)
Press: ? - help, Shift-Dir - straight line, f/p - Grinder
Aim: Grinder (moderately wounded)
You shoot an arrow. The arrow hits Grinder.
Grinder is moderately wounded.
Grinder says, "You look like you could use a good racking."
Grinder blinks!
No target in view!
No target in view!
You start waiting.
Firing (i - inventory. (/) - cycle)
c - 73 arrows (quivered)
Press: ? - help, Shift-Dir - straight line, f/p - Grinder
Aim: Grinder (moderately wounded)
You shoot an arrow. The arrow closely misses Grinder.
Firing (i - inventory. (/) - cycle)
c - 72 arrows (quivered)
Press: ? - help, Shift-Dir - straight line, f/p - Grinder
Aim: Grinder (moderately wounded)
You shoot an arrow. The arrow hits Grinder.
Grinder is moderately wounded.
Grinder gestures at you.
You suddenly lose the ability to move!
You can move again.
Unknown command.
Firing (i - inventory. (/) - cycle)
c - 71 arrows (quivered)
Press: ? - help, Shift-Dir - straight line, f/p - Grinder
Aim: Grinder (moderately wounded)
You shoot an arrow. The arrow hits Grinder.
Grinder is moderately wounded.
Firing (i - inventory. (/) - cycle)
c - 70 arrows (quivered)
Press: ? - help, Shift-Dir - straight line, f/p - Grinder
Aim: Grinder (moderately wounded)
You shoot an arrow. The arrow closely misses Grinder.
Grinder says, "FISH!"
Firing (i - inventory. (/) - cycle)
c - 69 arrows (quivered)
Press: ? - help, Shift-Dir - straight line, f/p - Grinder
Aim: Grinder (moderately wounded)
You shoot an arrow. The arrow hits Grinder!
Grinder is heavily wounded.
Grinder gestures at you.
You suddenly lose the ability to move!
Grinder hits you.
You writhe in agony.
Grinder hits you! Grinder gestures at you. Pain shoots through your body!
* * * LOW HITPOINT WARNING * * *
Grinder hits you.
* * * LOW HITPOINT WARNING * * *
You writhe in agony.
* * * LOW HITPOINT WARNING * * *
You can move again.
Unknown command.
Unknown command.
Unknown command.
Unknown command.
Okay, then.
Grinder gestures at you. Pain shoots through your body!
You die...
Your body crumbles into a pile of gold.

......s........# #.#
################ #.#
##################.# ##
.................#.# #.
......##########.#.# #.
#...#.#............# #.
#.#.#..........#..^# #.
#.#.###.####...#...# ######.
#..<....# #...#@..# #......
#############(##...# #.####.
(.(.....(....(##...########.# #.
################...#........####.
......##########.###.####.....##.
...(..(((..(.5.5........'.....'.>
###.#.##############.####.....###
# #.#...........# #.# #.....# #
#.#...........####.# #.....###


You could see Grinder.

Vanquished Creatures
  2 ogres
  A howler monkey (D:4)
  A crimson imp (D:6)
  A hound (D:4)
  2 orc priests (D:4)
  2 orc wizards
  2 worker ants
  2 hound skeletons
  8 adders
  2 shadow imps (D:5)
  3 worms
  2 dart slugs
  3 leopard geckos
  7 orcs
  2 ball pythons
  5 giant cockroaches
  5 goblins
  10 hobgoblins
  7 jackals
  2 quokkas
  9 bats
  4 frilled lizards
  9 kobolds
  2 quokka zombies (D:5)
  8 rats
101 creatures vanquished.

Vanquished Creatures (collateral kills)
  A centaur (D:5)
  A scorpion (D:5)
  A crimson imp (D:5)
  A shadow imp (D:5)
4 creatures vanquished.

Grand Total: 105 creatures vanquished

Notes
Turn   | Place    | Note
-------+----------+-------------------------------------------
     0 | D:1      | Amnesiac the Spriggan Artificer began the quest for the Orb.
     0 | D:1      | Reached XP level 1. HP: 9/9 MP: 4/4
    13 | D:1      | Reached skill level 1 in Fighting
   368 | D:3      | Reached XP level 2. HP: 14/14 MP: 6/6
   482 | D:3      | Reached XP level 3. HP: 18/18 MP: 7/7
   546 | D:4      | Found an iron altar of Okawaru.
   596 | D:4      | Reached skill level 5 in Evocations
   640 | D:5      | Entered Level 5 of the Dungeon
   801 | D:4      | Reached XP level 4. HP: 23/23 MP: 7/9
   866 | D:4      | Reached skill level 6 in Evocations
   866 | D:4      | Reached XP level 5. HP: 26/26 MP: 10/10
  1336 | D:5      | Noticed Grinder
  1454 | D:5      | Noticed a centaur
  1619 | D:5      | Noticed Edmund
  1886 | D:5      | Noticed an ogre
  2479 | D:5      | Killed a centaur
  2479 | D:5      | Reached skill level 5 in Dodging
  2515 | D:5      | Reached XP level 6. HP: 32/32 MP: 12/12
  2578 | D:5      | Reached skill level 7 in Evocations
  3342 | D:6      | Found a staircase to the Ecumenical Temple.
  3373 | Temple   | Entered the Ecumenical Temple
  3448 | Temple   | Became a worshipper of Gozag Ym Sagoz the Greedy
  3488 | D:6      | Noticed Duvessa
  3488 | D:6      | Noticed Dowan
  4878 | D:2      | Reached XP level 7. HP: 32/36 MP: 13/13
  5437 | D:3      | Reached skill level 8 in Evocations
  5493 | D:3      | Found a shadowy altar of Dithmenos.
  6014 | D:5      | Paralysed by Grinder for 5 turns
  6057 | D:5      | Paralysed by Grinder for 2 turns
  6061 | D:5      | Paralysed by Grinder for 5 turns
  6072 | D:5      | Killed from afar by Grinder

Vault maps used:
D:1:      sevenhm_arrival_forest_fort_small_6
D:2:      item_on_display_a
D:3:      lemuel_coloured_pillars_altar
D:4:      minmay_misc_feat_ornament, okawaru_trees_2
D:5:      first_ration, uniq_grinder, uniq_edmund
D:6:      minmay_temple_entry_enclosed_plants, basic_altar,
          minmay_joined_circles, uniq_duvessa
Temple:   regret_index_temple_chain_breaker

Skill      XL: |  1  2  3  4  5  6  7 |
---------------+----------------------+-----
Fighting       | 1 2 3 |  3.4
Evocations     | 5 6 7 8 |  8.6
Dodging        | 4 5 6 |  6.6
Short Blades   | |  1.1
Stealth        | |  1.5

Action                   |  1- 3 |  4- 6 |  7- 9 || total
-------------------------+-------+-------+-------++-------
Melee: Short sword       |    38 |   243 |       ||   281
 Fire: Shortbow          |       |   115 |    98 ||   213
Evoke: Wand              |    15 |    17 |       ||    32
 Stab: Sleeping          |     2 |     5 |       ||     7
  Eat: Ration            |       |     3 |       ||     3
Armor: Robe              |     4 |    29 |     3 ||    36
Dodge: Dodged            |    39 |   258 |    28 ||   325

Table legend:
 A = Spawn XP
 B = Non-spawn XP
 C = Spawn XP percentage of total XP
 D = Spawn monster count
 E = Non-spawn monster count
 F = Spawn count percentage of total count
 G = Total turns spent on level
                    A         B        C        D         E        F      G
               +---------+---------+-------+---------+---------+-------+---------
         Total |       0 |    1056 |   0.0 |       0 |     105 |   0.0 |  6072
               +---------+---------+-------+---------+---------+-------+---------
           D:1 |       0 |      35 |   0.0 |       0 |      22 |   0.0 |   880
           D:2 |       0 |      67 |   0.0 |       0 |      22 |   0.0 |   747
           D:3 |       0 |     192 |   0.0 |       0 |      23 |   0.0 |  1073
           D:4 |       0 |     391 |   0.0 |       0 |      15 |   0.0 |  1081
           D:5 |       0 |     251 |   0.0 |       0 |      17 |   0.0 |  1532
           D:6 |       0 |     120 |   0.0 |       0 |       6 |   0.0 |   674
               +---------+---------+-------+---------+---------+-------+---------
